 Dungeon Crawl Stone Soup version 0.29.1-1-gd02db6906a (webtiles) character file.

Game seed: 13493038699180879550

504 unlimited1921 the Magician (level 7, -6/45 HPs)
             Began as a Djinni Fire Elementalist on Oct 16, 2022.
             Mangled by Edmund
             ... wielding a +5 flail of protection
              (8 damage)
             ... on level 4 of the Dungeon.
             The game lasted 00:19:01 (7428 turns).

unlimited1921 the Magician (DjFE)                   Turns: 7428, Time: 00:19:01

Health: -6/45      AC:  6    Str:  7    XL:     7   Next: 41%
Gold:   207        EV: 13    Int: 24    God:
                   SH:  0    Dex: 14

rFire   + + .      SeeInvis .   n - +2 quarterstaff (chaos)
rCold   x . .      Faith    .   (shield currently unavailable)
rNeg    . . .      Spirit   .   a - +0 robe
rPois   ∞          Reflect  .   t - +2 helmet
rElec   .          Harm     .   o - +0 cloak
rCorr   .          Rampage  .   (no gloves)
Will    .....                   (boots unavailable)
Stlth   ++........              (no amulet)
HPRegen 0.15/turn               u - +6 ring of intelligence
MPRegen 0.00/turn               (no ring)

@: flying
A: sickness immunity, fire resistance 2, cold vulnerability 1, float, innate
caster, HP casting, extra vitality 1
a: no special abilities


You were on level 4 of the Dungeon.
You visited 1 branch of the dungeon, and saw 4 of its levels.

You collected 207 gold pieces.

Inventory:

Hand Weapons
 n - a +2 quarterstaff of chaos (weapon)
Missiles
 c - 6 boomerangs
 f - a throwing net
Armour
 a - a +0 robe (worn)
 b - a +0 leather armour
 o - a +0 cloak (worn)
 t - a +2 helmet (worn)
Jewellery
 u - a +6 ring of intelligence (left hand)
Wands
 r - a wand of digging (5)
 s - a wand of roots (1) (quivered)
Scrolls
 e - a scroll of vulnerability {unknown}
 g - a scroll of fear {unknown}
 i - 2 scrolls of identify {unknown}
 k - a scroll of magic mapping {unknown}
 p - a scroll of teleportation {unknown}
Potions
 d - 2 potions of curing {unknown}
 h - a potion of haste
 j - a potion of resistance {unknown}
 l - a potion of invisibility {unknown}
 m - a potion of brilliance {unknown}
 q - a potion of flight {unknown}


   Skills:
 + Level 0.1 Fighting
 + Level 3.1 Dodging
 + Level 2.9 Stealth
 + Level 5.4 Spellcasting


You couldn't memorise any spells.
You knew the following spells:

 Your Spells              Type           Power      Damage    Failure   Level
a - Foxfire               Conj/Fire      100%       2x1d9     1%          1
b - Scorch                Fire           64%        2d8       1%          2
c - Conjure Flame         Conj/Fire      32%        6-21      2%          3
d - Inner Flame           Hex/Fire       32%        N/A       2%          3
e - Flame Wave            Conj/Fire      32%        2d9       9%          4
f - Necrotise             Necr           100%       1d9       1%          1
g - Poisonous Vapours     Pois/Air       64%        N/A       1%          2
h - Ensorcelled Hibernat  Hex/Ice        64%        N/A       1%          2
Your spell library was empty.

Dungeon Overview and Level Annotations

Branches:
Dungeon (4/15)
 Temple: D:4-7

Altars:

Shops:
D:2 (

Annotations:
D:4 Edmund


Innate Abilities, Weirdness & Mutations

You are immune to sickness and miasma.
You are immune to poison.
Your flesh is very heat resistant. (rF++)
You are vulnerable to cold. (rC-)
You float through the air rather than walking.
You learn spells naturally, not from books.
Your magical power is your life essence.
You have superior vitality. (+4 MHP)


Message History

Aim: Edmund, wielding a +5 flail of protection and wearing a +0 ring mail (very poisoned) Poisonous vapours surround Edmund!
Edmund looks as sick as possible!
Press: ? - help, v - describe, . - travel
Here: Edmund, wielding a +5 flail of protection and wearing a +0 ring mail (lightly wounded, extremely poisoned)
The floor.
Casting: Poisonous Vapours (safe; 1% risk of failure)
Confirm with . or Enter, or press ? or * to list all spells.
Flames lash Edmund.
Edmund is moderately wounded.
Edmund's fire resistance burns away.
Casting: Scorch (safe; 1% risk of failure)
Confirm with . or Enter, or press ? or * to list all spells.
Flames lash Edmund.
Edmund is burned terribly!
Edmund is heavily wounded.
Casting: Scorch (safe; 1% risk of failure)
Confirm with . or Enter, or press ? or * to list all spells.
Flames lash Edmund.
Edmund is heavily wounded.
You hear the rapid hiss of an avalanche of sand nearby.
Edmund hits you with a +5 flail of protection!
Casting: Scorch (safe; 1% risk of failure)
Confirm with . or Enter, or press ? or * to list all spells.
Flames lash Edmund but do no damage.
Edmund hits you with a +5 flail of protection!
* * * LOW HITPOINT WARNING * * *
Casting: Scorch (safe; 1% risk of failure)
Confirm with . or Enter, or press ? or * to list all spells.
Flames lash Edmund but do no damage.
* * * LOW HITPOINT WARNING * * *
Edmund hits you with a +5 flail of protection!
* * * LOW HITPOINT WARNING * * *
Aiming: Fastroot
Press: ? - help, Q - select action, (/) - cycle Shift-Dir - straight line, f/p - Edmund
Aim: Edmund, wielding a +5 flail of protection and wearing a +0 ring mail (heavily wounded, very poisoned, more vulnerable to fire)
The roots erupt in riotous growth!
Roots grab Edmund.
The grasping roots constrict Edmund.
Edmund closely misses you.
The grasping roots constrict Edmund.
The roots release their grip on Edmund.
Edmund hits you with a +5 flail of protection!
You die...

#.#####.#.#..##
#.# #......>. #.#
#......##
#.#####.#.#..#
####....#....#..#
#...............#
.#####.#....#..#
###.##........
#.@..........#
#@####.#......
#.# #.#.....# #.#
#(##....#
#............
#.####..# #.# ...
.#.


You could see Edmund (very poisoned, combustible).

Vanquished Creatures
  The ghost of Braxton the Covered, an amateur GnWn (D:3)
  A jelly (D:4)
  Crazy Yiuf (D:2)
  Natasha (thrice) (D:2)
  2 orc wizards (D:3)
  Robin (D:4)
  7 adders
  A gnoll (D:1)
  2 worms
  A dart slug (D:2)
  3 orcs
  5 ball pythons
  3 endoplasms
  4 giant cockroaches
  15 goblins
  11 hobgoblins
  2 jackals (D:1)
  5 quokkas
  7 bats
  2 frilled lizards
  A jackal zombie (D:4)
  7 kobolds
  5 rats
90 creatures vanquished.

Vanquished Creatures (others)
  189 foxfires
  4 fungi (D:2)
193 creatures vanquished.

Grand Total: 283 creatures vanquished

Notes
Turn   | Place    | Note
-------+----------+-------------------------------------------
     0 | D:1      | unlimited1921 the Djinni Fire Elementalist began the quest
                  | for the Orb.
     0 | D:1      | unlimited1921 set off with the following spells memorised:
                  | Foxfire, Scorch, Conjure Flame, Inner Flame, Flame Wave.
     0 | D:1      | Reached XP level 1. HP: 15/15 MP: 0/0
  1006 | D:1      | Reached XP level 2. HP: 18/21 MP: 0/0
  1662 | D:1      | Reached skill level 3 in Spellcasting
  1662 | D:1      | Reached XP level 3. HP: 22/25 MP: 0/0
  1662 | D:1      | Learned a level 1 spell: Necrotise
  2463 | D:2      | Noticed Natasha
  2468 | D:2      | Killed Natasha
  2469 | D:2      | Reached XP level 4. HP: 26/31 MP: 0/0
  2566 | D:2      | Found a runed translucent door.
  2567 | D:2      | Noticed Crazy Yiuf
  2940 | D:2      | Noticed Natasha
  2952 | D:2      | Killed Natasha
  2953 | D:2      | Reached XP level 5. HP: 19/35 MP: 0/0
  2953 | D:2      | Learned a level 2 spell: Poisonous Vapours
  3246 | D:2      | Found Dagyassa's Weapon Emporium.
  3293 | D:2      | Noticed Natasha
  3299 | D:2      | Killed Natasha
  3789 | D:2      | Reached skill level 4 in Spellcasting
  5030 | D:2      | Killed Crazy Yiuf
  5031 | D:2      | Reached XP level 6. HP: 34/40 MP: 0/0
  6095 | D:3      | Found a runed translucent door.
  6235 | D:3      | Noticed Braxton's ghost (amateur GnWn)
  6641 | D:3      | Killed Braxton's ghost
  6642 | D:3      | Reached skill level 5 in Spellcasting
  6642 | D:3      | Reached XP level 7. HP: 15/45 MP: 0/0
  6642 | D:3      | Learned a level 2 spell: Ensorcelled Hibernation
  6899 | D:4      | Noticed Robin
  6911 | D:4      | Killed Robin
  7416 | D:4      | Noticed Edmund
  7426 | D:4      | HP: 2/45 [Edmund/+5 flail of protection (9)]
  7428 | D:4      | Mangled by Edmund

Illustrated notes

Levels and vault maps discovered:
D:1:      dpeg_arrival_castle, layout_basic
D:2:      layout_rooms, serial_shops, nicolae_square_shop, minmay_puff,
          uniq_crazy_yiuf_cottage, uniq_natasha
D:3:      layout_rooms, ebering_ghost_sewer_d
D:4:      layout_loops_ring, zin_treasury, enter_ossuary_3, uniq_edmund,
          uniq_robin

Skill      XL: |  1  2  3  4  5  6 |
---------------+-------------------+-----
Spellcasting   | 3 4 5 |  5.4
Stealth        | 2 |  2.9
Dodging        | 3 |  3.1
Fighting       | |  0.1

Action                   |  1- 3 |  4- 6 |  7- 9 || total
-------------------------+-------+-------+-------++-------
Melee: Short sword       |       |    18 |       ||    18
       Unarmed           |       |     2 |       ||     2
 Cast: Foxfire           |    44 |    67 |     6 ||   117
       Scorch            |     1 |    25 |     9 ||    35
       Poisonous Vapours |       |    34 |    15 ||    49
       Inner Flame       |       |     9 |     3 ||    12
       Ensorcelled Hiber |       |       |     1 ||     1
       Flame Wave        |       |       |     1 ||     1
Evoke: Wand              |       |       |     1 ||     1
Armor: Robe              |     5 |     3 |     1 ||     9
Dodge: Dodged            |     8 |    17 |    23 ||    48
